 Dungeon Crawl Stone Soup version 0.25-a0-294-gea9b1ad378 (webtiles) character file.

Game seed: 10575111282538866053, levelgen mode: deterministic

2324 RedPan the Chiller (level 9, -7/62 HPs)
             Began as a Yellow Draconian Ice Elementalist on Dec 19, 2019.
             Was a Believer of Sif Muna.
             Mangled by a hornet zombie (8 damage)
             ... on level 8 of the Dungeon.
             The game lasted 00:22:15 (8922 turns).

RedPan the Chiller (DrIE)                           Turns: 8922, Time: 00:22:15

Health: -7/62      AC:  9    Str: 10    XL:     9   Next: 19%
Magic:  10/18      EV: 12    Int: 19    God:    Sif Muna [**....]
Gold:   467        SH:  0    Dex: 12    Spells: 11/20 levels left

rFire    . . .     SeeInvis .   a - +3 trident
rCold    . . .     Gourm    .   (no shield)
rNeg     . . .     Faith    .   (armour unavailable)
rPois    .         Spirit   .   (helmet restricted)
rElec    .         Reflect  .   i - +1 cloak
rCorr    +         Harm     .   (no gloves)
MR       .....                  (no boots)
Stlth    +.........             (no amulet)
HPRegen  0.20/turn              n - ring of attention
MPRegen  0.16/turn              (no ring)

@: studying Air Magic
A: spit acid, unfitting armour, cold-blooded, acid resistance, AC +7
a: Breathe Acid, Channel Magic, Renounce Religion


You were on level 8 of the Dungeon.
You worshipped Sif Muna.
Sif Muna was pleased with you.
You were not hungry.

You visited 2 branches of the dungeon, and saw 9 of its levels.

You collected 467 gold pieces.

Inventory:

Hand Weapons
 a - a +3 trident (weapon)
Armour
 i - a +1 cloak (worn)
 t - a +0 buckler
Magical Staves
 r - an uncursed staff of poison
Jewellery
 n - a ring of attention (left hand)
Wands
 v - a wand of random effects (25)
Scrolls
 f - a scroll of amnesia
 o - a scroll of fog
 p - a scroll of enchant weapon
 u - 2 scrolls of remove curse
Potions
 c - a potion of haste
 e - 3 potions of resistance
 h - a potion of berserk rage
 k - a potion of lignification
 l - a potion of brilliance
 s - 3 potions of flight
Books
 q - a manual of Air Magic
Comestibles
 b - 10 rations


   Skills:
 - Level 2.0 Dodging
 - Level 2.1 Stealth
 + Level 1.9 Shields
 + Level 6.1 Spellcasting
 + Level 4.0 Conjurations
 + Level 5.5 Summonings
 - Level 7.0 Ice Magic
 - Level 2.0 Air Magic
 - Level 4.0 Invocations


You had 11 spell levels left.
You knew the following spells:

 Your Spells              Type           Power        Failure   Level  Hunger
a - Freeze                Ice            ####         1%          1    None
b - Summon Ice Beast      Ice/Summ       ####....     9%          4    ####...
c - Hailstorm             Conj/Ice       ####....     11%         4    ####...

Your spell library contained the following spells:

 Spells                   Type           Power        Failure   Level  Hunger
 Ozocubu's Armour         Chrm/Ice       ###.....     8%          3    ##.....


Dungeon Overview and Level Annotations

Branches:
Dungeon (8/15)             Temple (1/1) D:4
   Lair: D:8-11

Altars:
Ashenzari
Cheibriados
Dithmenos
Elyvilon
Fedhas
Gozag
Hepliaklqana
Kikubaaqudgha
Makhleb
Nemelex Xobeh
Okawaru
Qazlal
Ru
Sif Muna
Trog
Uskayaw
Vehumet
Wu Jian
Xom
Yredelemnul
Zin
The Shining One


Innate Abilities, Weirdness & Mutations

You can spit globs of acid.
Your golden yellow scales are hard. (AC +7)
You cannot fit into any form of body armour.
You are cold-blooded and may be slowed by cold attacks.
You are resistant to acid. (rCorr)


Message History

* * * LOW HITPOINT WARNING * * *
Unknown command.
Okay, then.
You feel better. The hornet zombie hits you!
* * * LOW HITPOINT WARNING * * *
You closely miss the hornet zombie.
The hornet zombie is almost destroyed.
The hornet zombie hits you.
* * * LOW HITPOINT WARNING * * *
The hornet zombie closely misses you.
Unknown command.
Casting: Summon Ice Beast (safe; 9% risk of failure)
Confirm with . or Enter, or press ? or * to list all spells.
A chill wind blows around you.
The hornet zombie hits you but does no damage.
Unknown command.
You hit the hornet zombie.
The hornet zombie is almost destroyed.
The hornet zombie hits you!
You die...

#.# #.
#.# #.
#.#
#.###'###
#>#.....#
#.#.....#
#...####
#...#
#@Z.#
##.Y)#
#...#
##...#
##...#
#...#
...# #...


You could see a hornet zombie and a friendly ice beast.

Vanquished Creatures
  Prince Ribbit (D:8)
  2 hippogriffs (D:7)
  An ice beast (D:6)
  A necrophage (D:8)
  An ogre (D:5)
  A centaur (D:7)
  2 bullfrogs
  A scorpion (D:4)
  2 killer bees (D:7)
  A wight (D:6)
  A howler monkey (D:4)
  2 crimson imps (D:5)
  A hound (D:7)
  A jelly (D:7)
  An orc wizard (D:4)
  2 centaur skeletons
  2 bullfrog skeletons
  An iguana (D:6)
  4 worker ants
  A hound zombie (D:5)
  A worker ant zombie (D:8)
  A howler monkey zombie (D:7)
  2 gnolls
  7 adders
  2 shadow imps
  2 worms
  5 dart slugs
  11 leopard geckos
  9 orcs
  2 ball pythons (D:1)
  A bat zombie (D:4)
  3 giant cockroaches
  9 goblins
  6 hobgoblins
  3 jackals (D:6)
  3 kobolds
  6 quokkas
  4 bats
  4 frilled lizards
  A quokka skeleton (D:4)
  5 rats
116 creatures vanquished.

Vanquished Creatures (collateral kills)
  A hungry ghost (D:6)
  An ice beast (D:8)
  2 ogres
  A bullfrog (D:8)
  A gnoll sergeant (D:7)
  5 killer bees
  3 wights (D:7)
  A howler monkey (D:7)
  3 jellies
  Crazy Yiuf (D:3)
  2 orc priests
  4 orc wizards
  An iguana (D:7)
  A worker ant (D:7)
  2 gnolls (D:7)
  An adder (D:4)
  A leopard gecko (D:5)
  10 orcs
41 creatures vanquished.

Vanquished Creatures (others)
  2 orcs (D:3)
2 creatures vanquished.

Grand Total: 159 creatures vanquished

Notes
Turn   | Place    | Note
-------+----------+-------------------------------------------
     0 | D:1      | RedPan the Draconian Ice Elementalist began the quest for
                  | the Orb.
     0 | D:1      | Reached XP level 1. HP: 14/14 MP: 3/3
   424 | D:1      | Reached XP level 2. HP: 19/20 MP: 1/5
   698 | D:1      | Reached XP level 3. HP: 26/26 MP: 6/6
   767 | D:1      | Found a sparkling altar of Nemelex Xobeh.
  1546 | D:2      | Reached XP level 4. HP: 33/33 MP: 6/8
  1552 | D:2      | Learned a level 4 spell: Summon Ice Beast
  1557 | D:2      | Learned a level 4 spell: Hailstorm
  1992 | D:2      | Found a shattered altar of Ashenzari.
  2070 | D:3      | Found a stormy altar of Qazlal.
  2206 | D:3      | You fall into a shaft and drop 3 floors!
  2210 | D:5      | Entered Level 5 of the Dungeon
  2351 | D:5      | Reached skill level 1 in Summonings
  2614 | D:3      | Reached skill level 5 in Ice Magic
  2614 | D:3      | Reached XP level 5. HP: 34/38 MP: 4/10
  3178 | D:3      | Found a runed translucent door.
  3179 | D:3      | Noticed Crazy Yiuf
  3226 | D:3      | Killed Crazy Yiuf
  3702 | D:4      | Found an ancient bone altar of Kikubaaqudgha.
  3815 | D:4      | Reached XP level 6. HP: 44/45 MP: 8/11
  3905 | D:4      | Found an opulent altar of Gozag.
  3960 | D:4      | Found a shimmering altar of Xom.
  4326 | D:4      | Found a staircase to the Ecumenical Temple.
  4333 | Temple   | Entered the Ecumenical Temple
  4439 | Temple   | Became a worshipper of Sif Muna the Loreminder
  4716 | D:5      | Found a burning altar of Makhleb.
  4788 | D:5      | Reached skill level 1 in Invocations
  4790 | D:5      | Your scales start taking on a golden yellow colour.
  4790 | D:5      | Reached XP level 7. HP: 43/50 MP: 10/13
  4790 | D:5      | Gained mutation: You are resistant to acid. (rCorr) [Yellow
                  | Draconian growth]
  4824 | D:5      | Reached skill level 6 in Ice Magic
  5149 | D:5      | Found a sparkling altar of Nemelex Xobeh.
  5843 | D:6      | Reached skill level 1 in Air Magic
  6006 | D:6      | Found a blossoming altar of Fedhas.
  6066 | D:6      | Noticed a hungry ghost
  6101 | D:6      | Killed a hungry ghost
  6101 | D:6      | Reached skill level 1 in Conjurations
  6454 | D:6      | Reached * piety under Sif Muna
  6554 | D:7      | Found a hazy altar of Hepliaklqana.
  6644 | D:7      | Reached XP level 8. HP: 47/57 MP: 7/15
  6763 | D:7      | Reached skill level 5 in Spellcasting
  7034 | D:7      | Found a glowing golden altar of the Shining One.
  7045 | D:7      | Found an iron altar of Okawaru.
  7065 | D:7      | Noticed a hippogriff
  7076 | D:7      | Killed a hippogriff
  7690 | D:7      | Noticed a hippogriff
  7699 | D:7      | Killed a hippogriff
  7699 | D:7      | Reached skill level 7 in Ice Magic
  7747 | D:7      | Found a snail-covered altar of Cheibriados.
  7989 | D:7      | Reached skill level 5 in Summonings
  7995 | D:7      | HP: 2/57 [wight/+3 trident (3)]
  8495 | D:8      | Noticed Prince Ribbit
  8502 | D:8      | Killed Prince Ribbit
  8502 | D:8      | Reached skill level 1 in Shields
  8502 | D:8      | Reached XP level 9. HP: 28/62 MP: 12/17
  8725 | D:8      | Reached ** piety under Sif Muna
  8917 | D:8      | HP: 1/62 [hornet zombie (10)]
  8922 | D:8      | Mangled by a hornet zombie

Levels and vault maps discovered:
D:1:      scummos_arrival_simple_fountains, layout_basic,
          nemelex_diamond_rough_becter
D:2:      layout_loops_corners, lemuel_coloured_pillars_altar, first_ration,
          minmay_curled_crystal
D:3:      layout_basic, grunt_qazlal_clouds, serial_glass, glass_columns_b,
          glass_columns_b, glass_columns_a, glass_columns_a, glass_columns_a,
          glass_columns_a, glass_columns_b, glass_columns_a, glass_columns_c,
          glass_columns_b, st_stairs_13, uniq_crazy_yiuf_cottage
D:4:      layout_rooms, lemuel_zombie_altar_kikubaaqudgha, grunt_gozag_statues,
          kennysheep_little_box, minmay_temple_entry_statues_fountains
D:5:      layout_gridville, bloody_makhleb, overflow_temple_1_default,
          amethyst_killhole, minmay_manual_mess
D:6:      layout_loops_corners, fedhas_altar_fruit_tree, minmay_lizard_king
D:7:      layout_cave_pools, lemuel_doored_altar, lemuel_round_altar,
          lemuel_crystal_altar, basic_altar
D:8:      layout_basic, serial_curves, eino_curves_02, eino_curves_01,
          eino_curves_02, eino_curves_02, gammafunk_ghost_gnarly_gnolls,
          uniq_prince_ribbit1
Temple:   jpeg_temple_clearing

Skill      XL: |  1  2  3  4  5  6  7  8  9 |
---------------+----------------------------+-----
Dodging        | 2 |  2.0
Stealth        | 2 |  2.1
Spellcasting   | 3 4 5 6 |  6.1
Summonings     | 1 2 3 4 5 |  5.5
Ice Magic      | 5 6 7 |  7.0
Invocations    | 1 2 4 |  4.0
Air Magic      | 2 |  2.0
Conjurations   | 1 3 4 |  4.0
Shields        | 1 |  1.9

Action                   |  1- 3 |  4- 6 |  7- 9 || total
-------------------------+-------+-------+-------++-------
Melee: Unarmed           |     8 |       |       ||     8
       Dagger            |     2 |       |       ||     2
       Tailslap          |     2 |     4 |    13 ||    19
       Spear             |    41 |    40 |       ||    81
       Quarterstaff      |       |    16 |   108 ||   124
       Trident           |       |       |    51 ||    51
 Cast: Freeze            |    35 |    55 |    50 ||   140
       Summon Ice Beast  |       |    10 |    35 ||    45
  Use: Scroll            |     1 |    11 |     5 ||    17
       Potion            |       |       |     2 ||     2
 Stab: Distracted        |     1 |       |       ||     1
       Sleeping          |     1 |     4 |       ||     5
       Confused          |       |       |     1 ||     1
       Petrified         |       |       |     1 ||     1
  Eat: Chunk             |     1 |    13 |    16 ||    30
       Ration            |       |       |     1 ||     1
Armor: Skin              |    19 |    21 |    73 ||   113
Dodge: Dodged            |    36 |    73 |   185 ||   294

Table legend:
 A = Non-vault XP
 B = Vault XP
 C = Vault XP percentage of total XP
 D = Non-vault monster count
 E = Vault monster count
 F = Vault count percentage of total count
                 A         B        C        D         E       F
            +---------+---------+-------+---------+---------+-------
      Total |    2998 |     322 |   9.7 |     142 |      15 |   9.6
            +---------+---------+-------+---------+---------+-------
        D:1 |      54 |       0 |   0.0 |      20 |       0 |   0.0
        D:2 |      62 |       0 |   0.0 |      18 |       0 |   0.0
        D:3 |     123 |      22 |  15.2 |      17 |       2 |  10.5
        D:4 |     348 |       2 |   0.6 |      18 |       1 |   5.3
        D:5 |     283 |      92 |  24.5 |      12 |       4 |  25.0
        D:6 |     427 |      51 |  10.7 |      14 |       7 |  33.3
        D:7 |    1122 |       0 |   0.0 |      31 |       0 |   0.0
        D:8 |     579 |     155 |  21.1 |      12 |       1 |   7.7
            +---------+---------+-------+---------+---------+-------
